 Dungeon Crawl Stone Soup version 0.22-a0-608-g8a62e23 (webtiles) character file.

127671 emperorscorpion the Convoker (level 16, -2/134 HPs)
             Began as a Hill Orc Summoner on July 7, 2018.
             Was a High Priest of Beogh.
             Hit by a large rock thrown by a stone giant (47 damage)
             ... on level 1 of the Vaults on July 9, 2018.
             The game lasted 03:36:29 (42385 turns).

emperorscorpion the Convoker (Hill Orc Summoner)   Turns: 42385, Time: 03:36:30

Health: -2/134     AC: 16    Str: 13    XL:     16   Next: 66%
Magic:  18/33      EV: 16    Int: 21    God:    Beogh [*****.]
Gold:   2503       SH:  6    Dex: 16    Spells: 1/41 levels left

rFire    + . .     SeeInvis +   a - +9 trident of Contention {pierce, Int+2 Dex+4 SInv}
rCold    + . .     Gourm    .   (no shield)
rNeg     . . .     Faith    .   V - +2 troll leather armour
rPois    .         Spirit   .   J - +2 helmet
rElec    .         Reflect  +   A - scarf {rC+ rF+}
rCorr    .         Harm     .   s - +2 pair of gloves
MR       +....                  L - +2 pair of boots
Stlth    ++........             T - +6 amulet of reflection
HPRegen  0.72/turn              W - ring of wizardry
MPRegen  0.23/turn              r - ring of wizardry

@: very slightly contaminated, invisible
A: walk on water
}: 1/15 runes: decaying
a: Smiting, Recall Orcish Followers, Give Item to Named Follower, Renounce
Religion


You were on level 1 of the Vaults.
You worshipped Beogh.
Beogh was extremely pleased with you.
You were hungry.

You visited 6 branches of the dungeon, and saw 29 of its levels.
You also visited: Labyrinth, Sewer and Volcano.

You collected 3302 gold pieces.
You spent 799 gold pieces at shops.

Inventory:

Hand Weapons
 a - the +9 trident of Contention (weapon) {pierce, Int+2 Dex+4 SInv}
   (You found it on level 3 of the Swamp)

   It inflicts extra damage upon your enemies.
   It affects your intelligence (+2).
   It affects your dexterity (+4).
   It lets you see invisible.
 d - the +5 hand crossbow of Forced Transition {penet, MP+9 Str-3 SInv}
   (You found it on level 13 of the Dungeon)

   Ammo fired by it will pass through the targets it hits, potentially hitting
   all targets in its path until it reaches maximum range.
   It affects your strength (-3).
   It affects your magic capacity (+9).
   It lets you see invisible.
 m - a +4 halberd of chopping
 p - the +5 arbalest of Darkness {freeze, rF+ rC+}
   (You took it off an ironheart preserver on level 1 of the Vaults)

   It causes projectiles fired from it to freeze those they strike, causing
   extra injury to most foes and up to half again as much damage against
   particularly susceptible opponents.
   They can also slow down cold-blooded creatures.
   It protects you from fire.
   It protects you from cold.
 K - a +0 glaive
Missiles
 k - 15 poisoned javelins (quivered)
 E - 659 bolts
 Y - 4 throwing nets
Armour
 s - a +2 pair of gloves (worn)
 A - a scarf of resistance (worn)
 J - a +2 helmet (worn)
 L - a +2 pair of boots (worn)
 V - a +2 troll leather armour (worn)
Jewellery
 g - an uncursed amulet of the gourmand
 l - an uncursed ring of fire
 r - a ring of wizardry (right hand)
 M - an uncursed ring of ice
 Q - an uncursed ring of protection from magic
 T - a +6 amulet of reflection (around neck)
 W - a ring of wizardry (left hand)
Wands
 O - a wand of acid (21)
 P - a wand of digging (12)
 Z - a wand of iceblast (45)
Scrolls
 b - a scroll of silence
 h - 16 scrolls of teleportation
 i - 2 scrolls of identify
 j - 2 scrolls of magic mapping
 n - 7 scrolls of remove curse
 q - 5 scrolls of immolation
 y - 5 scrolls of fog
 B - 3 scrolls of fear
 C - a scroll of summoning
 D - a scroll of holy word
 H - 4 scrolls of blinking
 X - 3 scrolls of amnesia
Potions
 f - 2 potions of mutation
 o - 2 potions of agility
 t - 3 potions of magic
 u - 6 potions of heal wounds
 v - 6 potions of curing
 w - a potion of haste
 x - a potion of berserk rage
 z - 3 potions of ambrosia
 F - 2 potions of resistance
 I - a potion of invisibility
 N - 2 potions of flight
 R - 2 potions of might
 S - 3 potions of brilliance
Miscellaneous
 e - a lightning rod (4/4)
 G - a phial of floods
Comestibles
 c - 42 rations
 U - 6 chunks of flesh


   Skills:
 + Level 9.9 Fighting
 - Level 8.4 Polearms
   Level 1.4 Slings
 + Level 2.8 Crossbows
 + Level 6.1 Armour
 + Level 6.4 Dodging
 - Level 2.9 Stealth
 + Level 13.2 Spellcasting
 - Level 1.1 Charms
 * Level 16.9 Summonings
 - Level 1.0 Necromancy
 - Level 1.3 Translocations
 - Level 4.0 Ice Magic
 - Level 3.0 Air Magic
 + Level 3.0 Invocations
 + Level 1.4 Evocations


You had one spell level left.
You knew the following spells:

 Your Spells              Type           Power        Failure   Level  Hunger
a - Airstrike             Air            ####......   4%          4    None
b - Monstrous Menagerie   Summ           ######....   1%          7    #######
c - Summon Horrible Thin  Summ           ######....   11%         8    #######
d - Summon Lightning Spi  Summ/Air       ######..     1%          4    None
e - Summon Ice Beast      Ice/Summ       ######..     1%          4    None
f - Summon Forest         Summ/Tloc      ######....   1%          5    ####...
r - Regeneration          Chrm/Necr      ###.......   3%          3    None
B - Blink                 Tloc           N/A          1%          2    None
I - Inner Flame           Hex/Fire       ##......     4%          3    None

Your spell library contained the following spells:

 Spells                   Type           Power        Failure   Level  Hunger
 Fireball                 Conj/Fire      ##........   36%         5    ####...
 Conjure Flame            Conj/Fire      ##......     4%          3    None
 Lightning Bolt           Conj/Air       ###.......   22%         5    ####...
 Confuse                  Hex            ##......     4%          3    None
 Throw Flame              Conj/Fire      ##....       2%          2    None
 Throw Frost              Conj/Ice       ###...       1%          2    None
 Mephitic Cloud           Conj/Pois/Air  ###.....     3%          3    None
 Venom Bolt               Conj/Pois      ##........   36%         5    ####...
 Olgreb's Toxic Radiance  Pois           ##......     16%         4    None
 Summon Small Mammal      Summ           ####         0%          1    None
 Bolt of Draining         Conj/Necr      ###.......   30%         5    ####...
 Animate Dead             Necr           N/A          11%         4    None
 Animate Skeleton         Necr           N/A          1%          1    None
 Vampiric Draining        Necr           ###.......   3%          3    None
 Ozocubu's Refrigeration  Ice            ####......   38%         6    #####..
 Sticky Flame             Conj/Fire      ##......     16%         4    None
 Ozocubu's Armour         Chrm/Ice       ###.....     1%          3    None
 Call Imp                 Summ           ######..     0%          2    None
 Dispel Undead            Necr           ###.....     26%         5    ####...
 Sting                    Conj/Pois      ##..         1%          1    None
 Sublimation of Blood     Necr           ###.......   1%          2    None
 Summon Demon             Summ           ######....   1%          5    ####...
 Summon Greater Demon     Summ           ######....   1%          7    #######
 Corpse Rot               Necr           N/A          1%          2    None
 Shock                    Conj/Air       ###.         1%          1    None
 Swiftness                Chrm/Air       ###.....     1%          2    None
 Recall                   Summ/Tloc      N/A          1%          3    None
 Agony                    Necr           ###.....     26%         5    ####...
 Spider Form              Tmut/Pois      ##........   4%          3    None
 Statue Form              Tmut/Erth      ##.......    88%         6    #####..
 Ice Form                 Ice/Tmut       ###.....     7%          4    None
 Death Channel            Necr           ###.......   78%         6    #####..
 Throw Icicle             Conj/Ice       ###.....     7%          4    None
 Shadow Creatures         Summ           N/A          1%          6    #####..
 Confusing Touch          Hex            ##....       1%          1    None
 Flame Tongue             Conj/Fire      ##...        1%          1    None
 Ignite Poison            Fire/Tmut/Pois ##......     4%          3    None
 Sticks to Snakes         Tmut           ##......     2%          2    None
 Call Canine Familiar     Summ           ######..     0%          3    None
 Ensorcelled Hibernation  Hex/Ice        ###...       1%          2    None
 Metabolic Englaciation   Hex/Ice        ###.......   17%         5    ####...
 Dispersal                Tloc           ###.......   75%         6    #####..
 Static Discharge         Conj/Air       ###.....     2%          3    None
 Alistair's Intoxication  Tmut/Pois      ##......     36%         5    ####...
 Simulacrum               Ice/Necr       ###.......   58%         6    #####..
 Excruciating Wounds      Chrm/Necr      ###.......   26%         5    ####...
 Portal Projectile        Hex/Tloc       ###...       3%          3    None
 Petrify                  Tmut/Erth      ##......     16%         4    None
 Malign Gateway           Summ/Tloc      ######....   28%         7    #######
 Shroud of Golubria       Chrm/Tloc      ###.......   1%          2    None
 Aura of Abjuration       Summ           ######....   1%          5    ####...
 Infusion                 Chrm           ###.         1%          1    None
 Song of Slaying          Chrm           ###.....     1%          2    None
 Spectral Weapon          Hex/Chrm       ###.....     4%          3    None
 Summon Guardian Golem    Hex/Summ       #####...     1%          3    None
 Summon Mana Viper        Hex/Summ       #####...     1%          5    ####...
 Irradiate                Conj/Tmut      ##........   36%         5    ####...
 Gell's Gravitas          Tloc           ###.......   2%          3    None
 Yara's Violent Unravell  Hex/Tmut       ##........   36%         5    ####...
 Poisonous Vapours        Pois/Air       ###...       1%          2    None
 Borgnjor's Vile Clutch   Necr/Erth      ###.......   30%         5    ####...


Dungeon Overview and Level Annotations

Branches:
Dungeon (15/15)            Temple (1/1) D:5            Lair (6/6) D:9
  Swamp (4/4) Lair:2        Snake (0/4) Lair:2        Slime (0/5) Lair:5
    Orc (2/2) D:9             Elf (0/3) Orc:2        Vaults (1/5) D:13
 Depths (0/5) D:15

Altars:
Ashenzari
Cheibriados
Dithmenos
Elyvilon
Fedhas
Gozag
Hepliaklqana
Kikubaaqudgha
Makhleb
Nemelex Xobeh
Okawaru
Qazlal
Ru
Sif Muna
Trog
Uskayaw
Vehumet
Wu Jian
Xom
Yredelemnul
Zin
The Shining One
Beogh
Jiyva

Shops:
D:5 *   D:9 :   D:10 !((*:   Orc:2 !}??[

Portals:
Trove: D:15 (give +3 gold dragon scales)


Message History

The vault guard hits something with a broad axe of distortion!
Space bends around something.
The vault guard hits something but does no damage.
Space bends around something.
You fade into invisibility!
Tree limbs sway around you.
A root smacks the vault guard from below.
The ogre mage is hit by a branch!
A tree reaches out and hits the storm dragon!
A warg comes into view.
The vault warden hits your dryad with a great sword!!
Something hits the vault guard!!
The vault guard dies!
Beogh accepts your kill.
Beogh blesses a follower with healing.
A stone appears from out of your range of vision.
The stone misses your orc.
The yaktaur unwields an uncursed whip of draining.
The yaktaur wields an arbalest.
The yaktaur shoots a bolt.
The bolt hits you!!
The stone giant throws a large rock.
The large rock hits you!!!
You die...

+.uu #''♣ ##.p#♣ ###
♣#ppp.# ##.##
##..Rp.p# ##o.3##
♣♣...♣.pp)###.o...##
#....#♣s..)(o.o.....
♣....♣♣.O.XooXoo)...
#♣.@.HOCp.♣♣#Xoo..##
#♣...C.D## ##o(.##
♣#.h..## ##.## #..##
### #'o# ...h ...
c..#


You could see an ironheart preserver, a storm dragon, a sphinx, a stone giant, a
vault warden, 3 vault guards, an ettin, 2 ogre magi, a yaktaur, 2 wargs, a
friendly dryad, a friendly large abomination and a friendly orc.

Vanquished Creatures
  A fire giant (Vaults:1)
  A vault warden (Vaults:1)
  2 ironheart preservers (Vaults:1)
  A red draconian (Volcano)
  A dire elephant (D:15)
  Snorg (Orc:2)
  2 ogre magi
  A yaktaur captain (Vaults:1)
  Erolcha (Orc:2)
  A vault guard (Vaults:1)
  2 hydras
  A centaur warrior (D:13)
  2 alligators
  7 two-headed ogres
  A deep troll earth mage (Vaults:1)
  A skeletal warrior (D:14)
  A deep troll (Vaults:1)
  A swamp dragon (Swamp:4)
  A shambling mangrove (Swamp:2)
  2 deep elf archers (Vaults:1)
  A wizard (Vaults:1)
  An orc knight (Vaults:1)
  A necromancer (Vaults:1)
  A deep elf mage (D:13)
  3 orc sorcerers (Orc:2)
  2 cyclopes
  An ugly thing (Vaults:1)
  A black mamba (Lair:4)
  A centaur zombie (D:15)
  A centaur skeleton (D:12)
  5 spiny frogs
  3 komodo dragons
  A rime drake (Lair:1)
  4 yaktaurs (D:15)
  4 trolls
  A meliai (shapeshifter) (D:13)
  2 bog bodies (Swamp:4)
  A polar bear (Lair:6)
  5 blink frogs (Lair:2)
  A dream sheep (Lair:6)
  A slime creature (Swamp:1)
  5 hippogriffs
  A human simulacrum (Vaults:1)
  A shadow (Swamp:3)
  6 yaks
  4 fire bats (Volcano)
  5 humans (D:13)
  A tarantella (shapeshifter) (D:13)
  A steam dragon (D:11)
  4 swamp worms
  2 vampire mosquitoes
  A warg (Orc:2)
  A soldier ant (D:10)
  A hell hound (Lair:6)
  6 water moccasins
  3 porcupines
  2 slaves (D:6)
  3 orc warriors
  3 black bears
  4 swamp drakes (Swamp:4)
  2 human skeletons (Vaults:1)
  6 centaurs
  6 wolves
  6 ogres
  4 crocodiles
  15 bullfrogs
  A water moccasin zombie (D:7)
  An ogre simulacrum (Vaults:1)
  A wyvern skeleton (D:9)
  A scorpion (D:13)
  3 killer bees (D:9)
  A wight (D:11)
  A howler monkey (D:7)
  3 crimson imps
  A bullfrog zombie (D:6)
  5 lava snakes (Volcano)
  7 hounds
  A quasit (D:11)
  5 jellies
  An orc priest (D:9)
  5 orc wizards
  2 iguanas
  5 worker ants
  A hound zombie (D:5)
  A hound skeleton (D:6)
  A mummy (D:15)
  A river rat (Sewer)
  4 adders
  2 shadow imps
  2 oozes
  3 adder skeletons
  A dart slug (D:3)
  4 leopard geckos
  13 orcs
  5 ball pythons
  3 bats (D:3)
  4 giant cockroaches
  8 hobgoblins
  A jackal (D:3)
  7 kobolds
  7 quokkas
  5 frilled lizards
  3 goblins
  A jackal skeleton (D:4)
  A leopard gecko skeleton (D:4)
  A leopard gecko zombie (D:8)
  A quokka zombie (D:8)
  10 rats
299 creatures vanquished.

Vanquished Creatures (collateral kills)
  the Lernaean hydra (Swamp:4)
  A thorn hunter (Swamp:2)
  Gastronok (D:11)
  Donald (Swamp:2)
  3 vault wardens (Vaults:1)
  The ghost of Unycup the Blocker, an adept VSFi of Gozag (Orc:1)
  A ghoul (D:15)
  2 ironheart preservers (Vaults:1)
  A minotaur (Lab)
  2 green draconians (Swamp:4)
  An ettin (Vaults:1)
  A fire dragon (D:15)
  6 yaktaur captains (Vaults:1)
  2 ogre magi
  4 vault guards (Vaults:1)
  Harold (Lair:2)
  A ghost crab (Swamp:4)
  24 hydras
  2 centaur warriors
  A catoblepas (Lair:3)
  16 two-headed ogres
  12 alligators
  A death knight (D:15)
  An orc high priest (Orc:2)
  2 spriggans (Swamp:2)
  3 skeletal warriors
  2 deep trolls (Vaults:1)
  2 spriggan druids
  9 swamp dragons
  A wizard (D:15)
  4 orc knights
  2 shambling mangroves (Swamp:2)
  Pikel (D:6)
  A lindwurm (Lair:6)
  A manticore (D:15)
  6 orc sorcerers
  A wolf spider (Vaults:1)
  3 ugly things (Vaults:1)
  5 cyclopes
  A salamander (D:15)
  3 black mambas
  4 vault sentinels (Vaults:1)
  Maurice (D:11)
  A black mamba (shapeshifter) (Vaults:1)
  11 spiny frogs
  A human zombie (Vaults:1)
  5 yaktaurs
  A kobold demonologist (D:15)
  6 komodo dragons
  2 freezing wraiths (D:15)
  A guardian mummy (D:15)
  9 polar bears
  8 trolls
  10 tyrant leeches
  6 hornets
  13 blink frogs
  A raiju (Lair:6)
  5 hippogriffs
  6 slime creatures
  A meliai zombie (D:13)
  3 dream sheep (Lair:6)
  A human simulacrum (Vaults:1)
  11 bog bodies
  2 shadows
  3 basilisks
  2 wraiths
  11 humans (D:13)
  2 fire bats (Volcano)
  38 yaks
  A yaktaur simulacrum (Vaults:1)
  2 wyverns
  8 swamp worms
  3 hungry ghosts
  6 wargs
  A spatial vortex (Orc:2)
  12 vampire mosquitoes
  4 acid dragons
  7 water moccasins
  4 porcupines
  15 hell hounds (Lair:6)
  A phantom (D:12)
  18 swamp drakes
  12 orc warriors
  3 eyes of draining
  2 ice beasts
  9 black bears (Lair:6)
  4 sky beasts
  A slave (D:6)
  A necrophage (D:6)
  15 ogres
  6 centaurs
  20 wolves
  9 crocodiles
  5 big kobolds
  10 bullfrogs
  A gnoll sergeant (D:5)
  2 wyvern zombies
  A water moccasin zombie (D:5)
  A scorpion (D:13)
  A scorpion (shapeshifter) (Vaults:1)
  9 killer bees
  2 wights (D:11)
  3 howler monkeys
  10 crimson imps
  3 lava snakes (Volcano)
  3 centaur zombies
  A bullfrog zombie (D:8)
  A quasit (D:13)
  5 jellies
  10 orc priests
  A bullfrog skeleton (D:6)
  2 centaur skeletons
  A gnoll shaman (D:5)
  3 hounds
  5 iguanas
  16 orc wizards
  7 worker ants
  A hound zombie (D:7)
  A howler monkey zombie (D:10)
  2 mummies (D:15)
  11 gnolls
  15 adders
  4 river rats (Sewer)
  2 shadow imps
  4 oozes (D:9)
  2 adder skeletons
  5 worms
  6 dart slugs
  6 leopard geckos
  34 orcs
  3 bats
  4 giant cockroaches
  5 goblins
  5 hobgoblins (D:1)
  7 jackals
  2 quokkas
  9 ball pythons (Sewer)
  5 frilled lizards
  A giant cockroach zombie (D:8)
  16 kobolds
  A leopard gecko skeleton (D:6)
  24 rats
  12 briar patches (Swamp:2)
  33 fungi
  29 plants
  7 withered plants (D:15)
822 creatures vanquished.

Vanquished Creatures (others)
  5 orc knights
  11 orc warriors
  9 orc priests
  22 orc wizards
  A gnoll (D:5)
  48 orcs
  A quokka (D:6)
  A butterfly (D:5)
  8 fungi
  12 plants
  5 snaplasher vines
  A withered plant (D:15)
124 creatures vanquished.

Grand Total: 1245 creatures vanquished

Notes
Turn   | Place    | Note
-------+----------+-------------------------------------------
     0 | D:1      | emperorscorpion the Hill Orc Summoner began the quest for the Orb.
     0 | D:1      | Reached XP level 1. HP: 14/14 MP: 3/3
   668 | D:1      | Reached XP level 2. HP: 20/20 MP: 0/4
  1236 | D:1      | Learned a level 2 spell: Call Imp
  1914 | D:2      | Reached XP level 3. HP: 26/26 MP: 3/6
  1919 | D:2      | Learned a level 3 spell: Call Canine Familiar
  2282 | D:2      | Reached skill level 1 in Slings
  2282 | D:2      | Reached XP level 4. HP: 33/33 MP: 1/7
  3280 | D:3      | Reached skill level 1 in Polearms
  3387 | D:3      | Reached XP level 5. HP: 25/38 MP: 8/8
  4005 | D:4      | Found a glowing drain.
  4032 | Sewer    | Entered a sewer
  4103 | Sewer    | Reached skill level 1 in Fighting
  4217 | Sewer    | Learned a level 4 spell: Summon Lightning Spire
  4524 | Sewer    | Reached XP level 6. HP: 47/47 MP: 4/9
  4605 | Sewer    | Reached skill level 5 in Summonings
  4990 | D:4      | Noticed a water moccasin
  5015 | D:4      | Killed a water moccasin
  5287 | D:4      | Reached skill level 1 in Armour
  5287 | D:4      | Reached XP level 7. HP: 52/52 MP: 8/11
  5983 | D:5      | Entered Level 5 of the Dungeon
  6270 | D:5      | Reached skill level 6 in Summonings
  6270 | D:5      | Reached skill level 1 in Air Magic
  6487 | D:5      | Found a stormy altar of Qazlal.
  6511 | D:5      | Found Omics's General Store.
  6590 | D:5      | Bought a +1 pair of boots for 126 gold pieces
  6590 | D:5      | Bought a potion of curing for 33 gold pieces
  6711 | D:5      | Found a staircase to the Ecumenical Temple.
  6720 | Temple   | Entered the Ecumenical Temple
  6995 | D:5      | Reached XP level 8. HP: 58/60 MP: 5/12
  7112 | D:5      | Became a worshipper of Beogh the Brigand
  7478 | D:5      | Found a sparkling altar of Nemelex Xobeh.
  7545 | D:5      | Found a basalt altar of Yredelemnul.
  8693 | D:6      | Noticed Pikel
  8700 | D:6      | Killed Pikel
  9025 | D:7      | Reached skill level 1 in Crossbows
  9025 | D:7      | Reached skill level 7 in Summonings
  9087 | D:7      | Reached XP level 9. HP: 59/67 MP: 15/15
  9142 | D:7      | Learned a level 3 spell: Inner Flame
  9279 | D:7      | Reached * piety under Beogh
  9699 | D:7      | Found a glowing golden altar of the Shining One.
  9753 | D:7      | Reached skill level 5 in Polearms
  9916 | D:8      | Found a burning altar of Makhleb.
 10606 | D:8      | Found an ancient bone altar of Kikubaaqudgha.
 10792 | D:8      | Found a sacrificial altar of Ru.
 10792 | D:8      | Found a sparkling altar of Nemelex Xobeh.
 10792 | D:8      | Found a shattered altar of Ashenzari.
 10807 | D:8      | Reached ** piety under Beogh
 11189 | D:8      | Noticed a two-headed ogre
 11221 | D:8      | Killed a two-headed ogre
 11221 | D:8      | Reached skill level 5 in Spellcasting
 11221 | D:8      | Reached skill level 8 in Summonings
 12161 | D:9      | Found a hazy altar of Hepliaklqana.
 12485 | D:9      | Reached XP level 10. HP: 37/77 MP: 8/18
 12488 | D:9      | Reached *** piety under Beogh
 12506 | D:9      | Found Iluaphal's Book Emporium.
 12933 | D:9      | Learned a level 4 spell: Summon Ice Beast
 12940 | D:9      | Found a white marble altar of Elyvilon.
 13080 | D:9      | Found a radiant altar of Vehumet.
 13105 | D:9      | Found a shimmering altar of Xom.
 13107 | D:9      | Found an opulent altar of Gozag.
 13128 | D:9      | Found a staircase to the Orcish Mines.
 13309 | D:9      | Found a staircase to the Lair.
 13579 | D:10     | Entered Level 10 of the Dungeon
 13579 | D:10     | Found Nacur's Distillery.
 13583 | D:10     | Found Watsyderyi's Antique Weapon Boutique.
 13645 | D:10     | Reached skill level 1 in Ice Magic
 13681 | D:10     | Found Kuah's Antique Weapon Emporium.
 13683 | D:10     | Noticed Urug
 13683 | D:10     | Noticed a two-headed ogre
 13714 | D:11     | Noticed an eight-headed hydra
 13729 | D:11     | Killed an eight-headed hydra
 13729 | D:11     | Reached skill level 9 in Summonings
 13858 | D:11     | Noticed a cyclops
 13868 | D:11     | Killed a cyclops
 13953 | D:11     | Gained Koronagh as an ally
 13979 | D:11     | Found a shadowy altar of Dithmenos.
 14054 | D:11     | Noticed Maurice
 14055 | D:11     | Noticed Gastronok
 14062 | D:11     | Killed Maurice
 14062 | D:11     | Reached **** piety under Beogh
 14071 | D:11     | Killed Gastronok
 14071 | D:11     | Reached XP level 11. HP: 56/84 MP: 20/20
 14586 | D:11     | Noticed a cyclops
 14604 | D:11     | Killed a cyclops
 14894 | D:12     | Noticed a cyclops
 14907 | D:12     | Killed a cyclops
 15007 | D:12     | Reached skill level 10 in Summonings
 15100 | D:12     | Noticed a two-headed ogre
 15112 | D:12     | Killed a two-headed ogre
 15175 | D:12     | Found a labyrinth entrance.
 15200 | Lab      | Entered a labyrinth
 15237 | Lab      | Found an exit through the horrors of the Abyss.
 15377 | Lab      | Found an exit through the horrors of the Abyss.
 16284 | Lab      | Noticed a minotaur
 16337 | Lab      | Killed a minotaur
 16511 | D:12     | Noticed a two-headed ogre
 16527 | D:12     | Killed a two-headed ogre
 16528 | D:12     | Upgraded the game from 0.22-a0-601-gb0ed703 to 0.22-a0-603-gfc1114d
 16736 | D:12     | Noticed a seven-headed hydra
 16746 | D:12     | Killed a seven-headed hydra
 17200 | D:13     | Found a gate to the Vaults.
 17200 | D:13     | Noticed a deep elf mage
 17200 | D:13     | Noticed a centaur warrior
 17200 | D:13     | Noticed a two-headed ogre
 17200 | D:13     | Noticed an orc knight
 17200 | D:13     | Noticed a two-headed ogre
 17286 | D:13     | Got a brightly glowing hand crossbow
 17287 | D:13     | Identified the +5 hand crossbow of Forced Transition {penet, MP+9 Str-3 SInv} (You found it on level 13 of the Dungeon)
 17306 | D:13     | Learned a level 4 spell: Airstrike
 17702 | D:13     | Reached XP level 12. HP: 93/93 MP: 16/22
 17712 | D:13     | Killed a two-headed ogre
 17712 | D:13     | Reached skill level 5 in Fighting
 17911 | D:13     | Reached ***** piety under Beogh
 18158 | D:13     | Killed a centaur warrior
 18300 | D:13     | Killed a two-headed ogre
 18876 | D:10     | Killed a two-headed ogre
 18876 | D:10     | Reached skill level 11 in Summonings
 19054 | D:10     | Found Awoe's Book Emporium.
 19198 | D:10     | Found Lyro's General Store.
 19242 | D:10     | Your ally Koronagh died
 19403 | D:10     | Found a snail-covered altar of Cheibriados.
 19591 | D:10     | Bought a book of Battle for 640 gold pieces
 19595 | D:10     | Learned a level 3 spell: Regeneration
 19672 | Lair:1   | Entered Level 1 of the Lair of Beasts
 19855 | Lair:1   | Reached skill level 1 in Invocations
 21017 | Lair:2   | Found a staircase to the Swamp.
 21298 | Lair:2   | Reached skill level 5 in Armour
 21490 | Orc:1    | Entered Level 1 of the Orcish Mines
 21660 | Orc:1    | Reached XP level 13. HP: 84/105 MP: 25/25
 21909 | Orc:1    | Found a runed door.
 22558 | Orc:1    | Noticed Unycup's ghost (adept VSFi)
 22581 | Orc:1    | Killed Unycup's ghost
 22581 | Orc:1    | Reached skill level 5 in Dodging
 22701 | Orc:1    | Got a heavily runed silver ring
 22702 | Orc:1    | Identified 3 scrolls of acquirement
 22702 | Orc:1    | Identified the Compendium of Spatial Black Magic (You acquired it on level 1 of the Orcish Mines)
 22710 | Orc:1    | Learned a level 5 spell: Summon Forest
 22712 | Orc:1    | Identified the Collected Works on Mutagenic Cold (You acquired it on level 1 of the Orcish Mines)
 22726 | Orc:1    | Learned a level 7 spell: Monstrous Menagerie
 22795 | Orc:2    | Entered Level 2 of the Orcish Mines
 22830 | Orc:2    | Noticed Snorg
 22839 | Orc:2    | Killed Snorg
 22959 | Orc:2    | Found a burning altar of Makhleb.
 23089 | Orc:2    | Found Obushrepu's Distillery.
 23174 | Orc:2    | Found a staircase to the Elven Halls.
 23193 | Orc:2    | Reached ****** piety under Beogh
 23410 | Orc:2    | Found Icre's Antique Armour Boutique.
 23425 | Orc:2    | Found a radiant altar of Vehumet.
 23425 | Orc:2    | Noticed Erolcha
 23427 | Orc:2    | Noticed an ogre mage
 23429 | Orc:2    | Killed Erolcha
 23435 | Orc:2    | Killed an ogre mage
 23447 | Orc:2    | Reached skill level 12 in Summonings
 23472 | Orc:2    | Found a roughly hewn altar of Beogh.
 23472 | Orc:2    | Found Xint's Magic Scroll Shop.
 23472 | Orc:2    | Found Masole's Gadget Boutique.
 23486 | Orc:2    | Reached skill level 1 in Charms
 23636 | Orc:2    | Found an ancient bone altar of Kikubaaqudgha.
 23656 | Orc:2    | Found Tagat's Magic Scroll Shop.
 24067 | Lair:2   | Gained Borgun as an ally
 24531 | Lair:2   | Noticed Harold
 24541 | Lair:2   | Killed Harold
 24676 | Lair:2   | Found a staircase to the Snake Pit.
 25246 | Lair:3   | Identified the ring of the Albatross {rN+ Int-2 Dex+7 SInv Stlth+} (You found it on level 1 of the Orcish Mines)
 25447 | Lair:3   | Gained Dorog as an ally
 25664 | Lair:3   | Your ally Dorog died
 25834 | Lair:3   | Upgraded the game from 0.22-a0-603-gfc1114d to 0.22-a0-605-g9281fa2
 25908 | Lair:4   | Gained Nordag as an ally
 25909 | Lair:4   | Found a dark tunnel.
 25920 | Volcano  | Entered a volcano
 25957 | Volcano  | Reached skill level 1 in Translocations
 26027 | Volcano  | Reached skill level 10 in Spellcasting
 26156 | Volcano  | Noticed an ogre mage
 26161 | Volcano  | Noticed a red draconian
 26173 | Volcano  | Killed an ogre mage
 26174 | Volcano  | Reached XP level 14. HP: 116/116 MP: 10/28
 26186 | Volcano  | Killed a red draconian
 26186 | Volcano  | Reached skill level 1 in Necromancy
 26393 | Volcano  | Found a bloodstained altar of Trog.
 26459 | Volcano  | Found a burning altar of Makhleb.
 26491 | Lair:4   | Reached skill level 13 in Summonings
 26496 | Lair:4   | Learned a level 2 spell: Blink
 27452 | Lair:5   | Reached skill level 1 in Evocations
 27456 | Lair:5   | Gained Okrist as an ally
 27604 | Lair:5   | Found an ornate altar of the Wu Jian Council.
 27955 | Lair:5   | Found a staircase to the Slime Pits.
 27956 | Lair:5   | Found a viscous altar of Jiyva.
 28424 | Lair:6   | Entered Level 6 of the Lair of Beasts
 29180 | Lair:6   | Gained Koronagh as an ally
 31629 | D:15     | Entered Level 15 of the Dungeon
 31651 | D:15     | Reached skill level 14 in Summonings
 32251 | D:15     | Noticed a ghoul
 32263 | D:15     | Killed a ghoul
 32550 | D:15     | Found a portal to a secret trove of treasure.
 32666 | D:15     | Found a staircase to the Depths.
 32666 | D:15     | Noticed a dire elephant
 32675 | D:15     | Killed a dire elephant
 32675 | D:15     | Reached XP level 15. HP: 124/124 MP: 10/30
 32875 | D:15     | Upgraded the game from 0.22-a0-605-g9281fa2 to 0.22-a0-608-g8a62e23
 33088 | Swamp:1  | Entered Level 1 of the Swamp
 33119 | Swamp:1  | Gained Ugbert as an ally
 34812 | Swamp:2  | Noticed Donald
 34824 | Swamp:2  | Killed Donald
 35511 | Swamp:2  | Gained Thorok as an ally
 35656 | Swamp:2  | Noticed a thorn hunter
 35664 | Swamp:2  | Killed a thorn hunter
 36262 | Swamp:3  | Identified the Catalogue of the Snowflakes
 36281 | Swamp:3  | Got an ichor-stained trident
 36767 | Swamp:3  | Identified the +9 trident of Contention {pierce, Int+2 Dex+4 SInv} (You found it on level 3 of the Swamp)
 36891 | Swamp:3  | Reached skill level 15 in Summonings
 36898 | Swamp:3  | Your ally Ugbert died
 37389 | Swamp:4  | Entered Level 4 of the Swamp
 38852 | Swamp:4  | Noticed the 27-headed Lernaean hydra
 38888 | Swamp:4  | Your ally Borgun died
 38889 | Swamp:4  | Killed the 26-headed Lernaean hydra
 38891 | Swamp:4  | Gained Hawl as an ally
 39257 | Swamp:4  | Your ally Thorok died
 39335 | Swamp:4  | Got a decaying rune of Zot
 39502 | Swamp:4  | Reached XP level 16. HP: 115/132 MP: 20/32
 40169 | Vaults:1 | Entered Level 1 of the Vaults
 40548 | Vaults:1 | Reached skill level 16 in Summonings
 40578 | Vaults:1 | Learned a level 8 spell: Summon Horrible Things
 41046 | Vaults:1 | Identified the +5 arbalest of Darkness {freeze, rF+ rC+} (You took it off an ironheart preserver on level 1 of the Vaults)
 42034 | Vaults:1 | Your ally Koronagh died
 42377 | Vaults:1 | Noticed a storm dragon
 42379 | Vaults:1 | Noticed a sphinx
 42385 | Vaults:1 | Hit by a large rock thrown by a stone giant

Vault maps used:
D:1:      tarquinn_simple_flora_water_e, minmay_crystal_room
D:3:      first_ration, minmay_vboxes
D:4:      portal_sewer_entry_f
D:5:      kennysheep_mini_moat, lemuel_round_altar,
          minmay_temple_entry_butterflies, serial_shops, shop, basic_altar
D:6:      uniq_pikel
D:7:      tso_altar
D:8:      kennysheep_mini, bloody_makhleb, gammafunk_temple_overflow_claw
D:9:      elyvilon_altar_3, old_standard_altar,
          chequers_temple_overflow_statue_of_worship,
          grunt_lair_entry_orc_guard_hut, basic_altar, serial_shops, shop,
          hangedman_little_slice_of_home
D:10:     basic_altar, serial_shops, shop, nicolae_shop_statue_plus,
          nicolae_shop_crystal, shop_statue, shop, uniq_urug
D:11:     grunt_dithmenos_shadows, uniq_maurice, uniq_gastronok
D:12:     lab_entry_generic
D:13:     david_vaults_3, roderic_lattice_a
D:14:     serial_park_avenue1
D:15:     hangedman_depths_entry_try_elsewhere_first, enter_trove_2,
          serial_park_tiny_pond, serial_undead, serial_undead_c,
          serial_undead_d, serial_undead_b, serial_undead_b, serial_undead_a,
          serial_undead_c, serial_undead_d
Temple:   dpeg_chambers_temple
Lair:1:   infiniplex_staircase_pool_2, serial_bayou_shore_b
Lair:2:   swamp_mist_pool, dummy_snake_entry, grunt_megastairs_3, uniq_harold
Lair:3:   grunt_megastairs_4, serial_bayou_shore_a
Lair:4:   nicolae_volcano_entry_two_sided, minmay_holes
Lair:5:   slime_altar_1, basic_altar
Lair:6:   hangedman_lair_caniforms_friends
Swamp:1:  evilmike_swamp_ruin_house_4
Swamp:2:  serial_swamp_ruin, evilmike_swamp_ruin_house_1,
          evilmike_swamp_ruin_house_2, uniq_donald
Swamp:3:  evilmike_swamp_ruin_rubble_2
Swamp:4:  grunt_swamp_rune_castle, swamp_pool4, hangedman_swamp_dais
Orc:1:    ebering_ghost_reflecting_pool
Orc:2:    kennysheep_orc_mage_school, serial_shops, nicolae_shop_behind_doors,
          basic_altar, uniq_snorg
Vaults:1: ontoclasm_vaults_bender, v_misc_25, st_greater_box_3, v_misc_14,
          hangedman_vaults_restitches, nicolae_vaults_yaktaur_gun_rack,
          nicolae_vaults_angled_halls, hangedman_vaults_maws,
          nicolae_vaults_little_ls, v_misc_11, v_misc_1, vaults_mumra_lcd,
          hangedman_vaults_trim, nicolae_vaults_theta
Lab:      labyrinth_spiral, labyrinth_fake_exit, nicolae_lab_diamond
Sewer:    sewer_minmay_w
Volcano:  volcano_grotto

Skill      XL: |  1  2  3  4  5  6  7  8  9 10 11 12 13 14 15 16 |
---------------+-------------------------------------------------+-----
Spellcasting   | 2 3 4 5 6 7 8 10 11 12 13 | 13.2
Slings         | 1 |  1.4
Stealth        | 2 |  2.9
Polearms       | 1 2 3 4 5 7 8 |  8.4
Fighting       | 1 2 3 4 7 8 9 |  9.9
Dodging        | 2 3 4 5 6 |  6.4
Summonings     | 5 6 7 8 9 10 11 12 14 15 16 | 16.9
Armour         | 1 3 4 5 6 |  6.1
Air Magic      | 1 2 3 |  3.0
Crossbows      | 1 2 |  2.8
Ice Magic      | 2 4 |  4.0
Invocations    | 2 3 |  3.0
Charms         | 1 |  1.1
Translocations | 1 |  1.3
Necromancy     | 1 |  1.0
Evocations     | 1 |  1.4

Action                   |  1- 3 |  4- 6 |  7- 9 | 10-12 | 13-15 | 16-18 || total
-------------------------+-------+-------+-------+-------+-------+-------++-------
Melee: Unarmed           |    52 |       |       |       |       |       ||    52
       Spear             |       |   279 |   595 |     6 |       |       ||   880
       Halberd           |       |       |    13 |   470 |   640 |       ||  1123
       Trident           |       |       |       |       |     3 |   183 ||   186
       Staff             |       |       |       |       |     3 |       ||     3
 Fire: Hunting sling     |    21 |     3 |       |       |       |       ||    24
       Arbalest          |       |       |    29 |       |       |       ||    29
       Hand crossbow     |       |       |       |    11 |       |       ||    11
 Cast: Summon Small Mamm |    35 |       |       |       |       |       ||    35
       Call Imp          |    11 |    12 |     8 |     3 |       |       ||    34
       Call Canine Famil |     5 |    29 |    40 |    19 |       |       ||    93
       Summon Lightning  |       |       |    40 |    33 |    28 |     3 ||   104
       Summon Ice Beast  |       |       |       |    16 |    29 |       ||    45
       Airstrike         |       |       |       |    12 |    27 |       ||    39
       Regeneration      |       |       |       |     4 |    10 |       ||    14
       Summon Forest     |       |       |       |       |    47 |     2 ||    49
       Monstrous Menager |       |       |       |       |   118 |    19 ||   137
       Blink             |       |       |       |       |     4 |     3 ||     7
       Summon Horrible T |       |       |       |       |       |    15 ||    15
Invok: Convert to Beogh  |       |       |     1 |       |       |       ||     1
       Recall Orcish Fol |       |       |       |    14 |    26 |     3 ||    43
       Smiting           |       |       |       |     1 |     9 |     1 ||    11
       Give Item to Name |       |       |       |     1 |     6 |       ||     7
       Stop Recall       |       |       |       |       |     8 |       ||     8
       Resurrection      |       |       |       |       |     1 |     1 ||     2
Evoke: Wand              |       |       |     3 |     8 |     6 |       ||    17
       Lightning rod     |       |       |       |       |     8 |       ||     8
  Use: Scroll            |       |     9 |     6 |    10 |    28 |     1 ||    54
       Potion            |       |     6 |       |     4 |     2 |     1 ||    13
 Stab: Distracted        |     1 |     1 |     6 |    12 |    17 |    11 ||    48
       Sleeping          |       |     7 |     3 |     6 |     6 |     1 ||    23
  Eat: Chunk             |     6 |    13 |    32 |    45 |   107 |    21 ||   224
       Ration            |       |       |     2 |     2 |     4 |     2 ||    10
Armor: Robe              |    15 |    47 |       |       |       |       ||    62
       Leather armour    |       |    23 |   171 |    21 |       |       ||   215
       Troll leather arm |       |       |       |   135 |   243 |    17 ||   395
Dodge: Dodged            |    45 |   162 |   357 |   468 |   409 |    56 ||  1497
Block: Other             |       |       |       |       |       |    16 ||    16
       Reflection        |       |       |       |       |       |     4 ||     4

Table legend:
 A = Spawn XP
 B = Non-spawn XP
 C = Spawn XP percentage of total XP
 D = Spawn monster count
 E = Non-spawn monster count
 F = Spawn count percentage of total count
 G = Total turns spent on level
                    A         B        C        D         E        F      G
               +---------+---------+-------+---------+---------+-------+---------
         Total |       0 |  163816 |   0.0 |       0 |    1027 |   0.0 | 42385
               +---------+---------+-------+---------+---------+-------+---------
           D:1 |       0 |      29 |   0.0 |       0 |      23 |   0.0 |  1847
           D:2 |       0 |      97 |   0.0 |       0 |      31 |   0.0 |  1095
           D:3 |       0 |      89 |   0.0 |       0 |      40 |   0.0 |  1016
           D:4 |       0 |     298 |   0.0 |       0 |      21 |   0.0 |  1194
           D:5 |       0 |     605 |   0.0 |       0 |      27 |   0.0 |  1487
           D:6 |       0 |     879 |   0.0 |       0 |      22 |   0.0 |  1347
           D:7 |       0 |     350 |   0.0 |       0 |      14 |   0.0 |   799
           D:8 |       0 |    1721 |   0.0 |       0 |      44 |   0.0 |  2520
           D:9 |       0 |    1865 |   0.0 |       0 |      57 |   0.0 |  1442
          D:10 |       0 |    1484 |   0.0 |       0 |      15 |   0.0 |   915
          D:11 |       0 |    4437 |   0.0 |       0 |      30 |   0.0 |  1294
          D:12 |       0 |    5223 |   0.0 |       0 |      39 |   0.0 |  1286
          D:13 |       0 |    6958 |   0.0 |       0 |      41 |   0.0 |  1515
          D:14 |       0 |    4861 |   0.0 |       0 |      22 |   0.0 |  1103
          D:15 |       0 |    9574 |   0.0 |       0 |      45 |   0.0 |  1294
        Lair:1 |       0 |    2851 |   0.0 |       0 |      21 |   0.0 |  1639
        Lair:2 |       0 |    6323 |   0.0 |       0 |      42 |   0.0 |  1279
        Lair:3 |       0 |    4042 |   0.0 |       0 |      16 |   0.0 |   981
        Lair:4 |       0 |    1910 |   0.0 |       0 |      13 |   0.0 |   958
        Lair:5 |       0 |    3666 |   0.0 |       0 |      23 |   0.0 |  1077
        Lair:6 |       0 |   11645 |   0.0 |       0 |      85 |   0.0 |  1893
       Swamp:1 |       0 |    4372 |   0.0 |       0 |      19 |   0.0 |  1174
       Swamp:2 |       0 |   10969 |   0.0 |       0 |      34 |   0.0 |  1598
       Swamp:3 |       0 |    6143 |   0.0 |       0 |      32 |   0.0 |  1367
       Swamp:4 |       0 |   20376 |   0.0 |       0 |      56 |   0.0 |  2539
         Orc:1 |       0 |    3886 |   0.0 |       0 |      26 |   0.0 |  1351
         Orc:2 |       0 |    8081 |   0.0 |       0 |      41 |   0.0 |  1293
      Vaults:1 |       0 |   34366 |   0.0 |       0 |      78 |   0.0 |  2216
           Lab |       0 |     654 |   0.0 |       0 |       1 |   0.0 |  1274
         Sewer |       0 |     238 |   0.0 |       0 |      48 |   0.0 |   831
       Volcano |       0 |    5824 |   0.0 |       0 |      21 |   0.0 |   558
               +---------+---------+-------+---------+---------+-------+---------
